MLB
ARIZONA DIAMONDBACKS @ SAN FRANCISCO GIANTS
09/13/2047
 
TOP OF THE 1ST
Arizona Diamondbacks batting - Pitching for San Francisco Giants : RHP Keith Kidd
Pitching: RHP Keith Kidd
Batting: RHB Katilimomi Kelekolio 0-0: Called Strike
0-1: Swinging Strike
0-2: Ball
1-2: Foul Ball, location: 2F
1-2: Strikes out swinging
Batting: LHB Eric Klasek 0-0: Swinging Strike
0-1: SOLO HOME RUN (Flyball, 9D, EV 100.6 MPH), Distance : 389 ft
Batting: RHB Andy Swaim 0-0: Called Strike
0-1: Ball
1-1: Called Strike
1-2: Strikes out looking
Batting: LHB Roy Steigerwald 0-0: Ball
1-0: Called Strike
1-1: Ball
2-1: SINGLE (Line Drive, 56D, EV 107.5 MPH)
Batting: RHB Ruben Velasco 0-0: Ball
1-0: Called Strike
1-1: Ball
2-1: Swinging Strike
2-2: Strikes out looking
Top of the 1st over - 1 run, 2 hits, 0 errors, 1 left on base; Arizona 1 - San Francisco 0
BOTTOM OF THE 1ST
San Francisco Giants batting - Pitching for Arizona Diamondbacks : RHP Miguel Martinez
Pitching: RHP Miguel Martinez
Batting: RHB Nick Rigden 0-0: Ball
1-0: Ball
2-0: Swinging Strike
2-1: Ball
3-1: Base on Balls
Batting: RHB Bobby Ayala 0-0: Called Strike
0-1: Foul Ball, location: 2F
0-2: Ball
1-2: Ball
2-2: Ball
3-2: Fly out, F9 (Flyball, 9, EV 88.1 MPH)
Batting: RHB Sean Zielinski 0-0: Ball
1-0: Ball
Nick Rigden steals 2nd base
2-0: Ball
3-0: Foul Ball, location: 2F
3-1: Called Strike
3-2: Foul Ball, location: 2F
3-2: Foul Ball, location: 2F
3-2: SINGLE (Groundball, 4MD, EV 104.4 MPH)
Nick Rigden to third
Batting: LHB Jack Henningar 0-0: Ball
1-0: Ball
2-0: Ball
3-0: Foul Ball, location: 2F
3-1: Called Strike
3-2: Fielders Choice at 2nd, 4-6 (Groundball, 4MS, EV 81.9 MPH)
Nick Rigden scores
Batting: SHB Ryan Doss 0-0: Called Strike
0-1: Ball
Wild Pitch!
Jack Henningar to second
1-1: Foul Ball, location: 2F
1-2: Ground out 4-3 (Groundball, 4, EV 106.2 MPH)
Bottom of the 1st over - 1 run, 1 hit, 0 errors, 1 left on base; Arizona 1 - San Francisco 1
TOP OF THE 2ND
Arizona Diamondbacks batting - Pitching for San Francisco Giants : RHP Keith Kidd
Batting: RHB Jim Zucco 0-0: Called Strike
0-1: Ball
1-1: Ground out 4-3 (Groundball, 34, EV 96.2 MPH)
Batting: LHB Mike Mentzer 0-0: Called Strike
0-1: Ball
1-1: SINGLE (Groundball, 6S, EV 66.2 MPH) (infield hit)
Batting: LHB Bobby Arevalo 0-0: Called Strike
0-1: Ball
1-1: DOUBLE (Groundball, 3L, EV 98.1 MPH)
Mike Mentzer to third
Runner from 3rd tries for Home, SAFE, throw by RF to home
Batting: SHB Warren Eisner 0-0: Fly out, F8 (Flyball, 8RD, EV 97.5 MPH)
Batting: RHB Katilimomi Kelekolio 0-0: Ball
1-0: Foul Ball, location: 2F
1-1: Ball
2-1: Ball
3-1: Base on Balls
Batting: LHB Eric Klasek 0-0: Ball
Wild Pitch!
Bobby Arevalo to third
Katilimomi Kelekolio to second
1-0: Fly out, F8 (Flyball, 8RS, EV 79.4 MPH)
Top of the 2nd over - 1 run, 2 hits, 0 errors, 2 left on base; Arizona 2 - San Francisco 1
BOTTOM OF THE 2ND
San Francisco Giants batting - Pitching for Arizona Diamondbacks : RHP Miguel Martinez
Batting: LHB Carey Horncole 0-0: Ball
1-0: Ball
2-0: Called Strike
2-1: Ball
3-1: Foul Ball, location: 2F
3-2: SINGLE (Line Drive, 4D, EV 96.9 MPH)
Batting: SHB Bill Dooms 0-0: Ball
1-0: Fielders Choice at 2nd, 3-6 (Groundball, 3S, EV 87.5 MPH)
Batting: LHB Tom Best 0-0: Called Strike
0-1: Foul Ball, location: 2F
0-2: Foul Ball, location: 2F
0-2: SINGLE (Groundball, 25, EV 66.9 MPH) (infield hit)
Bill Dooms to second
Batting: LHB John Blair 0-0: Grounds into double play, 4-6-3 (Groundball, 4, EV 91.9 MPH)
Bottom of the 2nd over - 0 runs, 2 hits, 0 errors, 1 left on base; Arizona 2 - San Francisco 1
TOP OF THE 3RD
Arizona Diamondbacks batting - Pitching for San Francisco Giants : RHP Keith Kidd
Batting: RHB Andy Swaim 0-0: Ball
1-0: Ball
2-0: Called Strike
2-1: Foul Ball, location: 2F
2-2: Foul Ball, location: 2F
2-2: Ball
3-2: Base on Balls
Batting: LHB Roy Steigerwald 0-0: Ball
1-0: Called Strike
1-1: Ball
2-1: Ball
3-1: Foul Ball, location: 2F
3-2: DOUBLE (Line Drive, 78D, EV 105.0 MPH)
Andy Swaim to third
Batting: RHB Ruben Velasco 0-0: Ball
1-0: Called Strike
1-1: Swinging Strike
1-2: Strikes out swinging
Batting: RHB Jim Zucco 0-0: Called Strike
0-1: Fly out, F4 (Line Drive, 4D, EV 70.0 MPH)
Batting: LHB Mike Mentzer 0-0: Ground out 4-3 (Groundball, 13, EV 83.8 MPH)
Top of the 3rd over - 0 runs, 1 hit, 0 errors, 2 left on base; Arizona 2 - San Francisco 1
BOTTOM OF THE 3RD
San Francisco Giants batting - Pitching for Arizona Diamondbacks : RHP Miguel Martinez
Batting: RHB Nick Rigden 0-0: Ball
1-0: Ball
2-0: Called Strike
2-1: Foul Ball, location: 2F
2-2: Ball
3-2: Base on Balls
Batting: RHB Bobby Ayala 0-0: Ball
1-0: Called Strike
1-1: Called Strike
1-2: Foul Ball, location: 2F
1-2: Ball
2-2: Fly out, F8 (Flyball, 78XD, EV 99.4 MPH)
Batting: RHB Sean Zielinski 0-0: Ball
Nick Rigden is caught stealing 2nd base 2-4
1-0: Ball
2-0: Ball
3-0: Called Strike
3-1: Base on Balls
Batting: LHB Jack Henningar 0-0: Ball
1-0: Foul Ball, location: 2F
1-1: Foul Ball, location: 2F
1-2: Foul Ball, location: 2F
1-2: Foul Ball, location: 2F
1-2: Ball
2-2: Ball
3-2: Strikes out swinging
Bottom of the 3rd over - 0 runs, 0 hits, 0 errors, 1 left on base; Arizona 2 - San Francisco 1
TOP OF THE 4TH
Arizona Diamondbacks batting - Pitching for San Francisco Giants : RHP Keith Kidd
Batting: LHB Bobby Arevalo 0-0: Foul Ball, location: 2F
0-1: Called Strike
0-2: Ball
1-2: SOLO HOME RUN (Flyball, 7D, EV 100.6 MPH), Distance : 391 ft
Batting: SHB Warren Eisner 0-0: Ball
1-0: Ball
2-0: Fly out, F9 (Flyball, 9, EV 89.4 MPH)
Batting: RHB Katilimomi Kelekolio 0-0: DOUBLE (Line Drive, 78D, EV 103.1 MPH)
Batting: LHB Eric Klasek 0-0: Swinging Strike
0-1: Ball
1-1: Foul Ball, location: 2F
1-2: Foul Ball, location: 2F
1-2: Ball
2-2: Strikes out swinging
Batting: RHB Andy Swaim 0-0: Ball
1-0: Ball
2-0: Ground out 5-3 (Groundball, 25, EV 91.9 MPH)
Top of the 4th over - 1 run, 2 hits, 0 errors, 1 left on base; Arizona 3 - San Francisco 1
BOTTOM OF THE 4TH
San Francisco Giants batting - Pitching for Arizona Diamondbacks : RHP Miguel Martinez
Batting: SHB Ryan Doss 0-0: Called Strike
0-1: Swinging Strike
0-2: Strikes out swinging
Batting: LHB Carey Horncole 0-0: Foul Ball, location: 2F
0-1: Ball
1-1: Foul Ball, location: 2F
1-2: Ground out 4-3 (Groundball, 4, EV 84.4 MPH)
Batting: SHB Bill Dooms 0-0: Foul Ball, location: 2F
0-1: Ball
1-1: Called Strike
1-2: Foul Ball, location: 2F
1-2: Fly out, F8 (Flyball, 8RM, EV 88.8 MPH)
Bottom of the 4th over - 0 runs, 0 hits, 0 errors, 0 left on base; Arizona 3 - San Francisco 1
TOP OF THE 5TH
Arizona Diamondbacks batting - Pitching for San Francisco Giants : RHP Keith Kidd
Batting: LHB Roy Steigerwald 0-0: Ball
1-0: Ball
2-0: Foul Ball, location: 2F
2-1: Ball
3-1: Base on Balls
Batting: RHB Ruben Velasco 0-0: Ball
1-0: Ball
2-0: Called Strike
2-1: Ball
3-1: Base on Balls
Roy Steigerwald to second
Batting: RHB Jim Zucco 0-0: Ball
1-0: Fly out, F9 (Flyball, 89S, EV 85.6 MPH)
Batting: LHB Mike Mentzer 0-0: SINGLE (Groundball, 56, EV 99.4 MPH)
Roy Steigerwald to third
Ruben Velasco to second
Runner from 3rd tries for Home, SAFE, throw by LF to home
Batting: LHB Bobby Arevalo 0-0: Called Strike
0-1: Foul Ball, location: 2F
0-2: Foul Ball, location: 2F
0-2: Ball
1-2: Foul Ball, location: 2F
1-2: Ball
2-2: DOUBLE (Flyball, 8RXD, EV 95.0 MPH)
Ruben Velasco scores
Mike Mentzer to third
Pitching: RHP Lorenzo Merjil
Batting: SHB Warren Eisner 0-0: Ball
1-0: Swinging Strike
1-1: Swinging Strike
1-2: Foul Ball, location: 2F
1-2: Ball
Wild Pitch!
Mike Mentzer scores
Bobby Arevalo to third
2-2: Strikes out swinging
Batting: RHB Katilimomi Kelekolio 0-0: Ball
1-0: Fly out, F8 (Flyball, 89M, EV 86.2 MPH)
Top of the 5th over - 3 runs, 2 hits, 0 errors, 1 left on base; Arizona 6 - San Francisco 1
BOTTOM OF THE 5TH
San Francisco Giants batting - Pitching for Arizona Diamondbacks : RHP Miguel Martinez
Batting: LHB Tom Best 0-0: Ball
1-0: Ball
2-0: DOUBLE (Line Drive, 3D, EV 96.2 MPH)
Batting: LHB John Blair 0-0: Ball
1-0: Fly out, F9 (Line Drive, 89M, EV 106.2 MPH)
Batting: RHB Nick Rigden 0-0: Ball
Wild Pitch!
Tom Best to third
1-0: Swinging Strike
1-1: SINGLE (Groundball, 56S, EV 69.4 MPH) (infield hit)
Tom Best scores
Batting: RHB Bobby Ayala 0-0: Foul Ball, location: 2F
0-1: Foul Ball, location: 2F
0-2: Ball
1-2: Ball
2-2: DOUBLE (Line Drive, 89XD, EV 99.4 MPH)
Nick Rigden to third
Pinch Runner at 2nd Kevin Howard:
Batting: RHB Sean Zielinski 0-0: Called Strike
0-1: Foul Ball, location: 2F
0-2: Foul Ball, location: 2F
0-2: Ball
1-2: Ball
2-2: Ball
3-2: Strikes out swinging passed ball, reaches first!
Nick Rigden scores
Kevin Howard to third
Batting: LHB Jack Henningar 0-0: Called Strike
0-1: SINGLE (Line Drive, 9LS, EV 105.0 MPH)
Kevin Howard scores
Sean Zielinski to second
Pitching: RHP Nick Burcham
Batting: SHB Ryan Doss 0-0: Ball
1-0: Foul Ball, location: 2F
1-1: Fly out, F8 (Flyball, 89M, EV 92.5 MPH)
Runner from 2nd tags up, SAFE at 3rd with throw by CF
Batting: LHB Carey Horncole 0-0: Ball
1-0: Called Strike
1-1: Swinging Strike
1-2: Strikes out swinging
Bottom of the 5th over - 3 runs, 4 hits, 0 errors, 2 left on base; Arizona 6 - San Francisco 4
TOP OF THE 6TH
Arizona Diamondbacks batting - Pitching for San Francisco Giants : RHP Lorenzo Merjil
Now at 1B: Kevin Howard
Batting: LHB Eric Klasek 0-0: Reached on error, E6 (Groundball, 6, EV 82.5 MPH)
Batting: RHB Andy Swaim 0-0: Ball
1-0: Called Strike
1-1: Swinging Strike
1-2: Ball
2-2: Strikes out swinging
Batting: LHB Roy Steigerwald 0-0: Intentional Walk
Batting: RHB Ruben Velasco 0-0: Foul Ball, location: 2F
0-1: Fielders Choice at 2nd, 3-6 (Groundball, 34S, EV 85.0 MPH)
Eric Klasek to third
Batting: RHB Jim Zucco 0-0: Ball
1-0: Foul Ball, location: 2F
1-1: Called Strike
1-2: Ball
2-2: Foul Ball, location: 2F
2-2: Ball
3-2: Strikes out looking
Top of the 6th over - 0 runs, 0 hits, 1 error, 2 left on base; Arizona 6 - San Francisco 4
BOTTOM OF THE 6TH
San Francisco Giants batting - Pitching for Arizona Diamondbacks : RHP Nick Burcham
Batting: SHB Bill Dooms 0-0: Called Strike
0-1: Ball
1-1: Ball
2-1: SINGLE (Line Drive, 34D, EV 108.1 MPH)
Batting: LHB Tom Best 0-0: Ball
1-0: Ball
2-0: SINGLE (Groundball, 3D, EV 106.2 MPH)
Bill Dooms to second
Runner from 2nd tries for 3rd, SAFE, throw by RF made to third
Batting: LHB John Blair 0-0: Called Strike
0-1: Called Strike
0-2: Strikes out swinging
Batting: RHB Nick Rigden 0-0: Swinging Strike
0-1: Called Strike
Tom Best is caught stealing 2nd base 2-4
0-2: Ball
1-2: Strikes out swinging
Bottom of the 6th over - 0 runs, 2 hits, 0 errors, 1 left on base; Arizona 6 - San Francisco 4
TOP OF THE 7TH
Arizona Diamondbacks batting - Pitching for San Francisco Giants : RHP Lorenzo Merjil
Pitching: LHP Chris Moris
Batting: LHB Mike Mentzer 0-0: Ball
1-0: Ground out 1-3 (Groundball, 34S, EV 68.8 MPH)
Batting: LHB Bobby Arevalo 0-0: Called Strike
0-1: Ball
1-1: Ground out 5-3 (Groundball, 5S, EV 86.2 MPH)
Batting: SHB Warren Eisner 0-0: Foul Ball, location: 2F
0-1: Foul Ball, location: 2F
0-2: Ground out 5-3 (Groundball, 56S, EV 89.4 MPH)
Top of the 7th over - 0 runs, 0 hits, 0 errors, 0 left on base; Arizona 6 - San Francisco 4
BOTTOM OF THE 7TH
San Francisco Giants batting - Pitching for Arizona Diamondbacks : RHP Nick Burcham
Pitching: RHP Stanford Placard
Batting: RHB Kevin Howard 0-0: Ball
1-0: Foul Ball, location: 2F
1-1: Foul Ball, location: 2F
1-2: Ball
2-2: Strikes out looking
Batting: RHB Sean Zielinski 0-0: Called Strike
0-1: Ball
1-1: Swinging Strike
1-2: Strikes out swinging
Batting: LHB Jack Henningar 0-0: Ball
1-0: Ball
2-0: Called Strike
2-1: Ball
3-1: Foul Ball, location: 2F
3-2: Base on Balls
Batting: SHB Ryan Doss 0-0: Called Strike
0-1: Ball
1-1: Foul Ball, location: 2F
1-2: Ball
2-2: Fly out, F9 (Flyball, 9LS, EV 86.2 MPH)
Bottom of the 7th over - 0 runs, 0 hits, 0 errors, 1 left on base; Arizona 6 - San Francisco 4
TOP OF THE 8TH
Arizona Diamondbacks batting - Pitching for San Francisco Giants : LHP Chris Moris
Batting: RHB Katilimomi Kelekolio 0-0: Foul Ball, location: 2F
0-1: Swinging Strike
0-2: Strikes out swinging
Batting: LHB Eric Klasek 0-0: Called Strike
0-1: Ball
1-1: Ball
2-1: Swinging Strike
2-2: Foul Ball, location: 2F
2-2: Strikes out swinging
Batting: RHB Andy Swaim 0-0: Ball
1-0: DOUBLE (Line Drive, 78XD, EV 99.4 MPH)
Batting: LHB Roy Steigerwald 0-0: Ball
1-0: Foul Ball, location: 2F
1-1: Ball
2-1: Foul Ball, location: 2F
2-2: 2-RUN HOME RUN (Flyball, 89XD, EV 115.0 MPH), Distance : 463 ft
Batting: RHB Ruben Velasco 0-0: Called Strike
0-1: Ball
1-1: Ball
2-1: Ball
3-1: Base on Balls
Pitching: RHP Filip Nebylitsin
Batting: RHB Jim Zucco 0-0: Ball
1-0: Foul Ball, location: 2F
1-1: Foul Ball, location: 2F
1-2: 2-RUN HOME RUN (Flyball, 9D, EV 97.5 MPH), Distance : 375 ft
Batting: LHB Mike Mentzer 0-0: Ball
1-0: Swinging Strike
1-1: Swinging Strike
1-2: Strikes out swinging
Top of the 8th over - 4 runs, 3 hits, 0 errors, 0 left on base; Arizona 10 - San Francisco 4
BOTTOM OF THE 8TH
San Francisco Giants batting - Pitching for Arizona Diamondbacks : RHP Stanford Placard
Batting: LHB Carey Horncole 0-0: Called Strike
0-1: Ball
1-1: Foul Ball, location: 2F
1-2: SINGLE (Line Drive, 89S, EV 102.5 MPH)
Batting: SHB Bill Dooms 0-0: Called Strike
0-1: Foul Ball, location: 2F
0-2: Ball
1-2: Strikes out swinging
Pitching: LHP Mario Valdivia
Pinch Hitting: RHB Bill Defazio 0-0: Ball
1-0: Called Strike
1-1: Ball
2-1: Fly out, F8 (Flyball, 8RXD, EV 88.1 MPH)
Batting: LHB John Blair 0-0: Swinging Strike
0-1: SINGLE (Groundball, 6D, EV 100.0 MPH)
Carey Horncole to second
Batting: RHB Nick Rigden 0-0: Foul Ball, location: 2F
0-1: Foul Ball, location: 2F
0-2: Strikes out looking
Bottom of the 8th over - 0 runs, 2 hits, 0 errors, 2 left on base; Arizona 10 - San Francisco 4
TOP OF THE 9TH
Arizona Diamondbacks batting - Pitching for San Francisco Giants : RHP Filip Nebylitsin
Now in LF: Ryan Braden
Batting: LHB Bobby Arevalo 0-0: Ball
1-0: Called Strike
1-1: Called Strike
1-2: Foul Ball, location: 2F
1-2: Strikes out swinging
Batting: SHB Warren Eisner 0-0: Ball
1-0: Ball
2-0: Called Strike
2-1: SINGLE (Flyball, 6MD, EV 85.0 MPH)
Batting: RHB Katilimomi Kelekolio 0-0: Ball
1-0: Foul Ball, location: 2F
1-1: Foul Ball, location: 2F
1-2: Ball
2-2: Grounds into double play, 6-4-3 (Groundball, 6, EV 85.0 MPH)
Top of the 9th over - 0 runs, 1 hit, 0 errors, 0 left on base; Arizona 10 - San Francisco 4
BOTTOM OF THE 9TH
San Francisco Giants batting - Pitching for Arizona Diamondbacks : LHP Mario Valdivia
Batting: RHB Kevin Howard 0-0: Ball
1-0: Called Strike
1-1: Ball
2-1: Ball
3-1: Foul Ball, location: 2F
3-2: Foul Ball, location: 2F
3-2: Base on Balls
Batting: RHB Sean Zielinski 0-0: Called Strike
0-1: Foul Ball, location: 2F
0-2: Ball
1-2: Ground out 4-3 (Groundball, 4S, EV 74.4 MPH)
Kevin Howard to second
Batting: LHB Jack Henningar 0-0: Ball
1-0: Foul Ball, location: 2F
1-1: Ball
2-1: Foul Ball, location: 2F
2-2: Ball
3-2: Ground out 5-3 (Groundball, 56, EV 105.6 MPH)
Batting: SHB Ryan Doss 0-0: Ball
1-0: Ball
2-0: Foul Ball, location: 2F
2-1: Fly out, F8 (Flyball, 8RD, EV 101.2 MPH)
Bottom of the 9th over - 0 runs, 0 hits, 0 errors, 1 left on base; Arizona 10 - San Francisco 4
Thursday, December 15th , 2022 - OOTP Baseball 23.9 Build 102